 Dungeon Crawl Stone Soup version 0.31-a0-1-g4198be8af4 (webtiles) character file.

Game seed: 12627356712394121024

96470 Maxmaps the Marksant (level 16, -4/130 HPs)
             Began as a Formicid Hunter on Apr 30, 2023.
             Was a High Priest of the Shining One.
             Slain by a spriggan rider
             ... wielding a +0 spear
              (16 damage)
             ... on level 1 of the Swamp.
             The game lasted 01:08:10 (30915 turns).

Maxmaps the Marksant (Formicid Hunter)             Turns: 30915, Time: 01:08:10

Health: -4/130     AC: 20    Str: 15 (16) XL:     16   Next: 66%
Magic:  10/25      EV: 13    Int: 21      God:    the Shining One [*****.]
Gold:   2480       SH: 30    Dex: 20 (21) Spells: 15/15 levels left

rFire   + . .        S - +2 hand crossbow (elec)
rCold   . . .        W - +0 kite shield
rNeg    + + .        H - +6 scale mail of Polish {rCorr Int+3}
rPois   +            (helmet unavailable)
rElec   +            l - +0 cloak
rCorr   +            V - +1 pair of gloves
SInv    +            r - +2 pair of boots {Stlth+}
Will    +....        t - amulet of reflection
Stlth   +            y - ring of protection from fire
HPRegen 0.41/turn    Z - ring of Beogh's Hope {Wiz rElec rPois Int+5}
MPRegen 0.19/turn

%: reflection, wizardry (x1)
@: divinely shielded, glowing
A: permanent stasis, dig shafts and tunnels, antennae 3, four strong arms,
deterioration 1
a: Dig, Shaft Self, Renounce Religion, Divine Shield, Cleansing Flame, Summon
Divine Warrior


You were on level 1 of the Swamp.
You worshipped the Shining One.
The Shining One was extremely pleased with you.
You visited 5 branches of the dungeon, and saw 24 of its levels.
You also visited: Bailey and Volcano.

You collected 4263 gold pieces.
You spent 1783 gold pieces at shops.

Inventory:

Hand Weapons
 I - a +0 arbalest
 S - a +2 hand crossbow of electrocution (weapon)
Missiles
 C - 3 throwing nets
Armour
 l - a +0 cloak (worn)
 r - a +2 pair of boots of stealth (worn)
 H - the +6 scale mail of Polish (worn) {rCorr Int+3}
   (You found it on level 11 of the Dungeon)

   Int:       It affects your intelligence (+3).
   rCorr:     It protects you from acid and corrosion.
 M - +0 fire dragon scales
 V - a +1 pair of gloves (worn)
 W - a +0 kite shield (worn)
Jewellery
 d - a ring of flight
 t - an amulet of reflection (around neck)
 y - a ring of protection from fire (left hand)
 D - the ring of the Saviour {Ice rN+ Str-3 Int+2}
   (You bought it in a shop on level 10 of the Dungeon)

   [ring of ice]

   It enhances your ice magic.
   Str:       It affects your strength (-3).
   Int:       It affects your intelligence (+2).
   rF:        It makes you vulnerable to fire.
   rC:        It protects you from cold.
   rN:        It protects you from negative energy.
 K - a ring of willpower
 N - the ring "Hompiof" {rElec EV+5}
   (You bought it in a shop on level 10 of the Dungeon)

   [ring of evasion]

   EV:        It affects your evasion (+5).
   rElec:     It insulates you from electricity.
 P - a ring of protection from cold
 Z - the ring of Beogh's Hope (right hand) {Wiz rElec rPois Int+5}
   (You found it on level 15 of the Dungeon)

   [ring of wizardry]

   It improves your spell success rate.
   Int:       It affects your intelligence (+5).
   rElec:     It insulates you from electricity.
   rPois:     It protects you from poison.
Wands
 f - a wand of mindburst (5)
 m - a wand of paralysis (22)
 s - a wand of polymorph (11)
 w - a wand of flame (20)
 L - a wand of digging (7)
 Q - a wand of roots (5)
Scrolls
 b - 12 scrolls of immolation
 c - 3 scrolls of noise
 g - 3 scrolls of fog
 h - 2 scrolls of silence
 k - 8 scrolls of teleportation
 n - 3 scrolls of enchant armour
 p - 4 scrolls of enchant weapon
 v - 2 scrolls of magic mapping
 x - 2 scrolls of poison
 F - 3 scrolls of amnesia
 G - 7 scrolls of identify
 J - a scroll of brand weapon
 O - 2 scrolls of blinking
Potions
 a - 4 potions of lignification
 i - 4 potions of brilliance
 j - 3 potions of might
 u - 6 potions of flight
 z - 2 potions of invisibility
 A - 9 potions of mutation
 B - 3 potions of haste
 E - 2 potions of cancellation
 T - a potion of attraction
 X - a potion of magic
Miscellaneous
 e - a phial of floods
 R - a lightning rod (4/4)


   Skills:
 + Level 13.1 Fighting
 - Level 18.1 Ranged Weapons
 - Level 6.1 Armour
 - Level 8.3 Dodging
 - Level 1.2 Stealth
 - Level 15.1 Shields
 - Level 12.1 Invocations
 - Level 5.1 Evocations


You had 15 spell levels left.
You didn't know any spells.
Your spell library contained the following spells:

 Spells                   Type           Power      Damage    Failure   Level
 Kiss of Death            Conj/Necr      0%         2d5       38%         1
 Necrotise                Necr           0%         1d4       38%         1
 Sandblast                Erth           0%         2d4       38%         1
 Lesser Beckoning         Tloc           0%         N/A       52%         2
 Momentum Strike          Conj/Tloc      0%         3d8       52%         2
 Passwall                 Tmut/Erth      0%         N/A       52%         2
 Confusing Touch          Hex            0%         N/A       75%         3
 Gell's Gravitas          Tloc           0%         N/A       75%         3
 Hailstorm                Conj/Ice       0%         3d3       75%         3
 Stone Arrow              Conj/Erth      0%         3d7       75%         3
 Vampiric Draining        Necr           0%         2d6       75%         3
 Anguish                  Hex/Necr       0%         N/A       98%         4
 Animate Armour           Summ/Erth      0%         N/A       98%         4
 Dispel Undead            Necr           0%         3d6       98%         4
 Ice Form                 Ice/Tmut       0%         N/A       98%         4
 Agony                    Necr           0%         N/A       100%        5
 Blade Hands              Tmut           0%         N/A       100%        5
 Irradiate                Conj/Tmut      0%         3d11      100%        5
 Summon Forest            Summ/Tloc      0%         N/A       100%        5
 Summon Mana Viper        Hex/Summ       0%         N/A       100%        5
 Simulacrum               Ice/Necr       0%         N/A       100%        6
 Summon Cactus Giant      Summ           0%         N/A       100%        6
 Dragon Form              Tmut           0%         N/A       100%        7
 Enfeeble                 Hex            0%         N/A       100%        7
 Lehudib's Crystal Spear  Conj/Erth      0%         10d2      100%        8
 Blink                    Tloc           Unusable   N/A       N/A         2

Dungeon Overview and Level Annotations

Branches:
Dungeon (15/15)            Temple (1/1) D:7            Lair (5/5) D:10
  Swamp (1/4) Lair:2       Spider (0/4) Lair:3        Slime (0/5) Lair:4
    Orc (2/2) D:11            Elf (0/3) Orc:2        Vaults (0/5) D:13
 Depths (0/4) D:15         Bailey (visited)         Volcano (visited)

Altars:
Ashenzari
Cheibriados
Dithmenos
Elyvilon
Fedhas
Gozag
Hepliaklqana
Kikubaaqudgha
Makhleb
Nemelex Xobeh
Okawaru
Qazlal
Ru
Sif Muna
Trog
Uskayaw
Vehumet
Wu Jian
Xom
Yredelemnul
Zin
The Shining One
Jiyva

Shops:
D:5 (:*?   D:10 =   Orc:1 :   Orc:2 *=([

Annotations:
D:10 2 transporters, cheesebisquit's ghost, journeyman TrFi


Innate Abilities, Weirdness & Mutations

You cannot be hasted, slowed, berserked, paralysed or teleported.
You can dig through walls and to a lower floor.
You have a pair of large antennae on your head. (SInv)
Your four strong arms can wield two-handed weapons with a shield.
Your body sometimes deteriorates upon taking damage.


Message History

The alligator completely misses your angel.
The alligator closely misses your angel.
Fire: S) +2 hand crossbow (elec)
Press: ? - help, Shift-Dir - straight line, f - spriggan rider
Aim: a spriggan rider, wielding a +0 trident (haloed, 70% to hit)
You shoot a bolt. The bolt hits the spriggan rider!!
The spriggan rider is moderately wounded.
Your angel hits the spriggan rider with a +2 whip of holy wrath!!
The spriggan dies!
Your angel misses the hornet. You block the spriggan rider's attack.
The alligator bites your angel! The alligator tail-slaps your angel.
The alligator misses your angel.
The alligator tail-slaps your angel but does no damage.
Your angel hits the hornet but does no damage.
Your angel hits the hornet with a +2 whip of holy wrath!
You block the spriggan rider's attack. The alligator bites your angel!
The alligator barely misses your angel.
Fire: S) +2 hand crossbow (elec)
Press: ? - help, Shift-Dir - straight line, f/p - hornet
Aim: a hornet (severely wounded, ally target, haloed, 78% to hit)
You shoot a bolt. The bolt hits the hornet.
The hornet is almost dead.
The bunyip claws your angel!!
Your angel dies!
Your angel dissolves into sparkling lights!
The spriggan rider hits you but does no damage.
Unknown command.
You are momentarily dazzled by a brilliant light.
You block the spriggan rider's attack. You block the alligator's attack. x2
You enter the shallow water.
Moving in this stuff is going to be slow.
The alligator attacks as you move away! You block the alligator's attack. x2
Your angel hits the alligator with a +3 whip of holy wrath!
Your angel hits the alligator with a +3 whip of holy wrath.
The alligator barely misses you. You block the alligator's attack.
Your angel hits the alligator with a +3 whip of holy wrath!
Your angel hits the alligator with a +3 whip of holy wrath.
You block the alligator's attack. x2
The spriggan rider hits you from afar with a +0 spear!
You die...

♣♣♣ ♣♣♣~♣♣ ♣♣.~~A♣
♣♣ ♣ ♣♣♣
♣~.@ti♣♣~♣♣~~~.
.§♣♣
♣.†♣♣♣txi.....i
~~.♣
♣~.~♣♣†y..(....
~~.♣
♣~..~♣~x~~..~~~
~~.♣
♣♣♣.......~~.~~~§
~~.♣♣♣
♣♣...........~~~~~
..~..♣♣♣♣
♣.~~.~♣♣♣♣♣♣.~~~~~
....~.♣~♣
♣.~~~~♣♣~.♣♣.~~~~~
.~~§~~..♣
♣♣..........~~~x~~


You could see a bunyip, 2 alligators, a spriggan rider, a spriggan and a
friendly angel (summoned).

Vanquished Creatures
  Gastronok (D:10)
  A stone giant (Volcano)
  A fire dragon (D:14)
  Fannar (D:10)
  10 hydras
  A death knight (D:13)
  Erica (Lair:1)
  3 catoblepae
  3 boulder beetles
  2 dancing weapons (D:13)
  4 centaur warriors
  4 two-headed ogres
  A death yak (Lair:4)
  A tengu warrior (D:14)
  An orc high priest (Orc:2)
  Nergalle (D:11)
  A skyshark (Lair:3)
  A goliath frog (Swamp:1)
  2 skeletal warriors
  A spriggan druid (Swamp:1)
  2 wizards (D:15)
  4 orc knights
  2 lindwurms (Lair:5)
  A necromancer (D:15)
  5 orc sorcerers
  3 deep elf pyromancers
  A wolf spider (Orc:1)
  3 ugly things
  A will-o-the-wisp (Swamp:1)
  A deep elf zephyrmancer (D:15)
  7 cyclopes
  2 manticores
  9 elephants
  6 black mambas
  Maurice (D:10)
  4 torpor snails
  A guardian serpent (shapeshifter) (D:14)
  14 cane toads
  A molten gargoyle (Lair:5)
  A gargoyle (Volcano)
  2 centaur skeletons (D:15)
  An unseen horror (D:11)
  4 rime drakes
  An efreet (Volcano)
  3 kobold demonologists (D:12)
  12 komodo dragons
  A tengu conjurer (D:14)
  2 freezing wraiths (D:13)
  A bloated husk (Swamp:1)
  3 tyrant leeches
  5 hornets
  2 trolls
  2 tarantellas (Orc:1)
  11 blink frogs
  8 dream sheep
  Sigmund (D:2)
  A centaur simulacrum (D:15)
  8 fire bats (Volcano)
  3 spriggans (Swamp:1)
  8 wyverns
  A vampire (D:11)
  A wraith (D:11)
  8 basilisks
  46 yaks
  A fire elemental (Volcano)
  3 redbacks
  2 steam dragons
  5 vampire mosquitoes
  Menkaure (D:4)
  4 wargs
  5 swamp worms
  3 acid dragons
  15 water moccasins
  4 hell hounds
  A swamp drake (Swamp:1)
  4 black bears
  23 orc warriors
  3 sky beasts
  20 wolves
  6 ogres
  5 centaurs
  3 phantoms
  6 kobold brigands
  13 bullfrogs
  A gnoll sergeant (D:5)
  An earth elemental (Volcano)
  2 scorpions
  10 wights
  13 killer bees (D:9)
  3 howler monkeys
  3 electric eels
  12 lava snakes
  17 orc priests
  A jelly (D:8)
  2 hounds
  Jessica (D:2)
  An iguana (D:5)
  25 orc wizards
  A sleepcap (D:5)
  7 hell rats (Lair:4)
  A boggart skeleton (D:15)
  27 gnolls
  8 adders
  2 shadow imps
  A white imp (D:6)
  An ufetubus (D:6)
  2 worms
  3 dart slugs
  89 orcs
  6 ball pythons
  10 bats
  6 endoplasms
  2 giant cockroaches (D:2)
  9 goblins
  15 hobgoblins
  5 quokkas
  4 frilled lizards
  34 kobolds
  13 rats
710 creatures vanquished.

Vanquished Creatures (collateral kills)
  Saint Roka (Orc:2)
  A thorn hunter (Swamp:1)
  A fire dragon (Lair:5)
  A boulder beetle (D:15)
  A catoblepas (Lair:5)
  An alligator (Swamp:1)
  3 spriggans (Swamp:1)
  An ugly thing (D:15)
  A molten gargoyle (Lair:5)
  A black mamba (Lair:5)
  A tyrant leech (Swamp:1)
  2 hornets (Swamp:1)
  A basilisk (Lair:5)
  A swamp worm (Swamp:1)
  3 hell hounds (Lair:5)
20 creatures vanquished.

Vanquished Creatures (others)
  An alligator (Swamp:1)
  A swamp drake (Swamp:1)
  An orc wizard (D:6)
  A bush (Lair:5)
  6 foxfires (Swamp:1)
  47 fungi
  45 plants
102 creatures vanquished.

Grand Total: 832 creatures vanquished

Notes
Turn   | Place    | Note
-------+----------+-------------------------------------------
     0 | D:1      | Maxmaps the Formicid Hunter began the quest for the Orb.
     0 | D:1      | Reached XP level 1. HP: 16/16 MP: 1/1
    44 | D:1      | Reached XP level 2. HP: 15/23 MP: 2/2
   158 | D:1      | Found a faded altar of an unknown god.
   222 | D:1      | Reached skill level 1 in Armour
   272 | D:1      | Reached XP level 3. HP: 27/29 MP: 3/3
   562 | D:1      | Reached XP level 4. HP: 35/35 MP: 4/4
   757 | D:2      | Noticed Jessica
   760 | D:2      | Killed Jessica
   785 | D:2      | Found an ancient bone altar of Kikubaaqudgha.
  1018 | D:2      | Noticed Sigmund
  1021 | D:2      | Reached XP level 5. HP: 41/41 MP: 5/5
  1046 | D:2      | Killed Sigmund
  1047 | D:2      | Reached XP level 6. HP: 30/47 MP: 6/6
  1485 | D:3      | Found a white marble altar of Elyvilon.
  2024 | D:3      | Identified the +0 helmet "Adghodod" {Harm Int+2}
  2364 | D:4      | Reached XP level 7. HP: 49/54 MP: 7/7
  2620 | D:4      | Noticed Menkaure
  2629 | D:4      | Killed Menkaure
  2630 | D:4      | Reached skill level 5 in Fighting
  3043 | D:4      | Reached XP level 8. HP: 61/67 MP: 8/8
  3442 | D:5      | Entered Level 5 of the Dungeon
  3465 | D:5      | Found a burning altar of Makhleb.
  3493 | D:5      | Reached skill level 5 in Ranged Weapons
  3609 | D:5      | Found Fucsiez's Magic Scroll Shop.
  3615 | D:5      | Bought a scroll of identify for 24 gold pieces
  3888 | D:5      | Found Xubuabb's Weapon Emporium.
  3951 | D:5      | Found Maptugg's Book Emporium.
  3953 | D:5      | Found Kecwuz's Assorted Antiques.
  4031 | D:5      | Found a blossoming altar of Fedhas.
  4111 | D:5      | Found a sacrificial altar of Ru.
  4300 | D:5      | Reached skill level 6 in Ranged Weapons
  4326 | D:6      | Noticed a hornet
  4337 | D:5      | Killed a hornet
  4338 | D:5      | Reached skill level 7 in Ranged Weapons
  4457 | D:6      | Reached skill level 1 in Evocations
  4457 | D:6      | Reached XP level 9. HP: 72/72 MP: 9/9
  4629 | D:6      | Found a hide-covered altar of Uskayaw.
  5236 | D:6      | Reached skill level 5 in Evocations
  5495 | D:6      | Found a shimmering altar of Xom.
  5961 | D:7      | Found a staircase to the Ecumenical Temple.
  6005 | Temple   | Entered the Ecumenical Temple
  6430 | Temple   | Became a worshipper of the Shining One
  6595 | D:7      | Found a radiant altar of Vehumet.
  6643 | D:7      | Found a bloodstained altar of Trog.
  6669 | D:7      | Reached skill level 5 in Dodging
  6699 | D:7      | You fall into a shaft and drop 2 floors!
  6728 | D:9      | Found an ancient bone altar of Kikubaaqudgha.
  6758 | D:9      | Found a flagged portal.
  6773 | Bailey   | Entered a bailey
  7283 | Bailey   | Noticed an orc knight
  7294 | Bailey   | Killed an orc knight
  7295 | Bailey   | Reached XP level 10. HP: 45/79 MP: 10/10
  7697 | D:8      | Reached skill level 1 in Invocations
  8494 | D:8      | Reached * piety under the Shining One
  8516 | D:8      | Reached skill level 5 in Invocations
  8675 | D:8      | Found an iron altar of Okawaru.
  9785 | D:9      | Reached skill level 8 in Ranged Weapons
  9881 | D:9      | Reached XP level 11. HP: 50/84 MP: 16/16
 10092 | D:9      | Noticed a skeletal warrior
 10098 | D:9      | You fall into a shaft and drop 1 floor!
 10098 | D:10     | Entered Level 10 of the Dungeon
 10193 | D:10     | Noticed a boulder beetle
 10195 | D:10     | Found a transporter.
 10195 | D:10     | Noticed cheesebisquit's ghost (journeyman TrFi)
 10217 | D:9      | Noticed a two-headed ogre
 10229 | D:9      | Killed a two-headed ogre
 10230 | D:9      | Reached skill level 9 in Ranged Weapons
 10520 | D:9      | Noticed a two-headed ogre
 10541 | D:9      | Killed a two-headed ogre
 10542 | D:9      | Reached skill level 10 in Ranged Weapons
 10772 | D:9      | Noticed a boulder beetle
 10796 | D:9      | Killed a skeletal warrior
 10895 | D:9      | You fall into a shaft and drop 2 floors!
 11105 | D:11     | Reached skill level 11 in Ranged Weapons
 11404 | D:11     | Identified the +6 scale mail of Polish {rCorr Int+3}
 11630 | D:11     | Reached ** piety under the Shining One
 11750 | D:11     | Found a staircase to the Orcish Mines.
 11806 | D:11     | Noticed Nergalle
 11818 | D:11     | Killed Nergalle
 11874 | D:11     | Reached skill level 12 in Ranged Weapons
 12465 | D:10     | Noticed a two-headed ogre
 12474 | D:11     | Killed a two-headed ogre
 12679 | D:11     | Reached XP level 12. HP: 59/91 MP: 17/17
 12871 | D:10     | Found Wudefe's Jewellery Shop.
 12913 | D:10     | Noticed Gastronok
 12924 | D:10     | Killed Gastronok
 12925 | D:10     | Reached skill level 13 in Ranged Weapons
 13261 | D:10     | Found a staircase to the Lair.
 13312 | D:10     | Found a transporter.
 13315 | D:10     | Noticed Maurice
 13317 | D:10     | Noticed Fannar
 13321 | D:10     | Killed Maurice
 13334 | D:10     | Killed Fannar
 13335 | D:10     | Reached skill level 14 in Ranged Weapons
 13883 | D:10     | Bought the ring "Hompiof" {rElec EV+5} for 600 gold pieces
 14290 | D:9      | Killed a boulder beetle
 14516 | D:12     | Noticed a boulder beetle
 14546 | D:12     | Killed a boulder beetle
 14775 | D:12     | Noticed a sun demon
 14786 | D:12     | Gained mutation: Your body sometimes deteriorates upon
                  | taking damage. [a neqoxec]
 14787 | D:12     | Noticed a sixfirhy
 14789 | D:12     | Reached skill level 15 in Ranged Weapons
 14940 | D:12     | Reached *** piety under the Shining One
 15213 | D:12     | Found Noel's General Store.
 15517 | D:5      | Bought a scroll of identify for 24 gold pieces
 15517 | D:5      | Bought a scroll of identify for 24 gold pieces
 15520 | D:5      | Identified 2 scrolls of acquirement
 15527 | D:5      | Acquired 575 gold pieces
 15531 | D:5      | Acquired 877 gold pieces
 15542 | D:5      | Bought a scroll of identify for 24 gold pieces
 15573 | D:5      | Bought a potion of heal wounds for 160 gold pieces
 15573 | D:5      | Bought a scroll of fear for 128 gold pieces
 15573 | D:5      | Bought a twisted bone wand for 128 gold pieces
 15797 | D:10     | Bought the ring of the Saviour {Ice rN+ Str-3 Int+2} for
                  | 409 gold pieces
 15920 | D:13     | Noticed a catoblepas
 15922 | D:13     | Noticed a centaur warrior
 16170 | Lair:1   | Entered Level 1 of the Lair of Beasts
 16246 | D:10     | Reached XP level 13. HP: 81/96 MP: 18/18
 16510 | Lair:1   | Reached skill level 16 in Ranged Weapons
 17091 | Lair:1   | Noticed Erica
 17098 | Lair:1   | Killed Erica
 17360 | Lair:2   | Reached skill level 1 in Shields
 17664 | Lair:2   | Reached skill level 5 in Shields
 17877 | Lair:2   | Found a staircase to the Swamp.
 18672 | Lair:3   | Reached **** piety under the Shining One
 18699 | Lair:3   | Found a hole to the Spider Nest.
 18735 | Lair:3   | Noticed a catoblepas
 18762 | Lair:3   | HP: 2/96 [komodo dragon (19)]
 18767 | Lair:3   | Killed a catoblepas
 18776 | Lair:3   | Noticed a five-headed hydra
 18818 | Lair:3   | Reached skill level 10 in Shields
 18840 | Lair:3   | Killed a five-headed hydra
 18849 | Lair:3   | The Shining One protects you from harm!
 19139 | Lair:3   | Reached XP level 14. HP: 103/103 MP: 19/19
 20074 | Lair:4   | Found a viscous altar of Jiyva.
 20074 | Lair:4   | Found a staircase to the Slime Pits.
 20566 | Lair:4   | Reached skill level 15 in Shields
 20824 | Lair:5   | Entered Level 5 of the Lair of Beasts
 20824 | Lair:5   | Reached ***** piety under the Shining One
 20868 | Lair:4   | Reached skill level 17 in Ranged Weapons
 21715 | Lair:5   | Reached skill level 18 in Ranged Weapons
 21715 | Lair:5   | Reached XP level 15. HP: 88/108 MP: 20/20
 21933 | Lair:5   | Found a large runed translucent door.
 21933 | Lair:5   | Found a large runed translucent door.
 23421 | Orc:1    | Entered Level 1 of the Orcish Mines
 23452 | Orc:1    | Found Zuwigyoppe's Book Shop.
 24159 | Orc:2    | Entered Level 2 of the Orcish Mines
 24216 | Orc:2    | Found a staircase to the Elven Halls.
 24310 | Orc:2    | Found a dark tunnel.
 24329 | Volcano  | Entered a volcano
 24569 | Volcano  | Noticed a stone giant
 24578 | Volcano  | Killed a stone giant
 24579 | Volcano  | Reached skill level 10 in Invocations
 24581 | Volcano  | Found a bloodstained altar of Trog.
 25213 | Orc:2    | Noticed Saint Roka
 25381 | Orc:2    | HP: 1/108 [Saint Roka/divine providence (14)]
 25912 | Orc:2    | Killed Saint Roka
 26626 | Orc:2    | Found Henusch's Antique Armour Boutique.
 26768 | Orc:2    | Found Hyatox's General Store.
 26775 | Orc:2    | Bought a ring of flight for 262 gold pieces
 26792 | Orc:2    | Found Wennui's Antique Weapon Boutique.
 26806 | Orc:2    | Found Jiysyph's Jewellery Boutique.
 27430 | D:13     | Found a gate to the Vaults.
 27461 | D:13     | Got the Atlas of the Compass
 27528 | D:13     | Reached XP level 16. HP: 118/118 MP: 25/25
 28517 | D:14     | Reached skill level 10 in Fighting
 28923 | D:15     | Entered Level 15 of the Dungeon
 28961 | D:15     | Identified the ring of Beogh's Hope {Wiz rElec rPois Int+5}
 30028 | D:15     | Found a staircase to the Depths.
 30164 | D:15     | Acquired a +2 hand crossbow of electrocution
 30310 | Swamp:1  | Entered Level 1 of the Swamp
 30558 | Swamp:1  | Noticed a thorn hunter
 30569 | Swamp:1  | Killed a thorn hunter
 30898 | Swamp:1  | HP: 6/129 [spriggan druid/stone arrow (33)]
 30903 | Swamp:1  | HP: 1/129 [spriggan druid/+0 quarterstaff (10)]
 30915 | Swamp:1  | Slain by a spriggan rider

Illustrated notes

Levels and vault maps discovered:
D:1:      minmay_arrival_open_corners, layout_rooms,
          ebering_ecumenical_altar_abandoned, kennysheep_nondescript,
          minmay_cut_off
D:2:      layout_loops_cross, basic_altar, dreamdust_princess_corridor,
          corexii_shack, uniq_jessica, uniq_sigmund
D:3:      layout_basic, elyvilon_altar_1
D:4:      layout_loops_ring, uniq_menkaure
D:5:      layout_gridville, mainiacjoe_overflow_chevrons,
          mainiacjoe_overflow_large_starburst, serial_shops, shop,
          nicolae_wooded_promenade, minmay_misc_feat_iff, st_stairs_2
D:6:      layout_cave_pools, amcnicky_altar_gilded, mainiacjoe_overflow_paths
D:7:      layout_loops_ring, trog_ov_bears_minmay, vehumet_altar_wand_db,
          minmay_temple_entry_glassed_door
D:8:      layout_basic, okawaru_gym_becter, grunt_decor_cap
D:9:      kennysheep_big_flooded_room, layout_basic, kiku_gazebo_garden_becter,
          enter_bailey_3
D:10:     cheibrodos_iron_armory, layout_gridville, erik_lair_orcish_takeover,
          gammafunk_ghost_arena, hangedman_abyss_or_decor_jellyfish_corner,
          nicolae_take_the_stairs, uniq_gastronok, uniq_maurice, uniq_fannar
D:11:     layout_roguey, david_orc_5, grunt_ogre_cave,
          chequers_decorated_corner, kennysheep_potato, uniq_nergalle
D:12:     layout_rooms, serial_shops, nicolae_square_shop
D:13:     layout_basic, erik_vaults_1
D:14:     layout_irregular_city, lemuel_nasty_fountain
D:15:     grunt_enter_depths_magical_seal, layout_basic, hangedman_decor_lopped,
          minmay_misc_feat_pillars, minmay_rotating_lava
Temple:   hc_temple_tempest_star
Lair:1:   layout_regular_city, st_stairs_13, minivault_11, grunt_megastairs_5,
          serial_bayou_shore_b, uniq_erica
Lair:2:   layout_roguey, minmay_swamp_entry_worms
Lair:3:   nzn_winding_woodlands_medium [nzn_winding_woodlands_5x5_open_star,
          nzn_winding_woodlands_5x15_river_crossing,
          nzn_winding_woodlands_hourglass, nzn_winding_woodlands_5x5_three,
          nzn_winding_woodlands_center_triple_pond,
          nzn_winding_woodlands_5x5_perimeter,
          nzn_winding_woodlands_5x5_checkerboard,
          nzn_winding_woodlands_5x15_jagged, nzn_winding_woodlands_5x5_default],
          layout_gridlike, spider_nest_entry_webs, minivault_24,
          serial_bayou_lagoon_b
Lair:4:   layout_gridlike, dpeg_slime_entry_enclosed, beast_lair_carwin_4
Lair:5:   cheibrodos_lair_end_hotspot, layout_long_grid
Swamp:1:  layout_basic_swamp, hangedman_swamp_pad, swamp_pool3,
          infiniplex_staircase_pool
Orc:1:    nicolae_orc_accident_3, layout_diamond_mine, serial_shops, shop,
          hellmonk_bongcloud_opening
Orc:2:    grunt_orc_cross, layout_caves, nicolae_volcano_entry_s_turn

Skill      XL: |  1  2  3  4  5  6  7  8  9 10 11 12 13 14 15 16 |
---------------+-------------------------------------------------+-----
Fighting       | 3 4 7 8 13 | 13.1
Armour         | 1 2 3 6 |  6.1
Ranged Weapons | 7 8 12 15 16 18 | 18.1
Evocations     | 1 5 |  5.1
Dodging        | 6 7 8 |  8.3
Invocations    | 7 12 | 12.1
Shields        | 11 15 | 15.1
Stealth        | |  1.2

Action                     |  1- 3 |  4- 6 |  7- 9 | 10-12 | 13-15 | 16-18 || total
---------------------------+-------+-------+-------+-------+-------+-------++-------
  Melee: Shortbow          |       |     4 |       |       |       |       ||     4
   Fire: Shortbow          |    79 |   150 |   409 |   517 |       |       ||  1155
         Arbalest          |       |       |       |   267 |  1401 |   204 ||  1872
         Hand crossbow     |       |       |       |       |       |    65 ||    65
 Invoke: Divine Shield     |       |       |       |     1 |     1 |     1 ||     3
         Summon Divine War |       |       |       |       |     4 |     4 ||     8
         Cleansing Flame   |       |       |       |       |     2 |     1 ||     3
Ability: Dig               |       |     1 |       |     4 |    10 |     1 ||    16
         Shaft Self        |       |       |       |     2 |       |       ||     2
  Evoke: Wand              |       |       |    15 |    19 |    14 |       ||    48
         Phial of floods   |       |       |       |       |     1 |       ||     1
    Use: Potion            |       |     2 |     3 |    10 |    12 |     4 ||    31
         Scroll            |       |     6 |    10 |    11 |     5 |     2 ||    34
 Armour: Leather armour    |     7 |       |       |       |       |       ||     7
         Ring mail         |     5 |    32 |   107 |    30 |       |       ||   174
         Scale mail        |       |       |       |   191 |   300 |    75 ||   566
         Fire dragon scale |       |       |       |       |     2 |       ||     2
  Dodge: Dodged            |    21 |    45 |   187 |   506 |   577 |    91 ||  1427
  Block: Other             |       |       |       |    44 |    17 |       ||    61
         Reflection        |       |       |       |     3 |    32 |    14 ||    49
         Kite shield       |       |       |       |       |   998 |   191 ||  1189
         Buckler           |       |       |       |       |    41 |       ||    41

Table legend: (Time is in decaauts)
 A = Elapsed time spent in this place.
 B = Non-inter-level travel time spent in this place.
 C = Inter-level travel time spent in this place.
 D = Time resting spent in this place.
 E = Time spent auto-exploring this place.
 F = Levels seen in this place.
 G = Mean time per level.
                   A        B        C        D        E       F      G
               +--------+--------+--------+--------+--------+-----+--------+
         Total |  31872 |  29241 |   2631 |   7489 |  15132 |  26 | 1225.8 |
       Dungeon |  18939 |  17056 |   1883 |   4574 |   9016 |  15 | 1262.6 |
        Temple |    452 |    390 |     62 |      0 |    377 |   1 |  452.0 |
          Lair |   7494 |   7154 |    340 |   1584 |   3697 |   5 | 1498.8 |
         Swamp |    641 |    641 |      0 |      0 |    522 |   1 |  641.0 |
  Orcish Mines |   3245 |   2900 |    345 |   1005 |   1129 |   2 | 1622.5 |
        Bailey |    799 |    799 |      0 |    326 |    232 |   1 |  799.0 |
       Volcano |    299 |    299 |      0 |      0 |    158 |   1 |  299.0 |
               +--------+--------+--------+--------+--------+-----+--------+

Top non-repeatable levels by time:
    D:11: 2211 daAuts
  Lair:5: 2206 daAuts
     D:9: 1982 daAuts
   Orc:2: 1911 daAuts
  Lair:3: 1568 daAuts
     D:5: 1532 daAuts
    D:10: 1469 daAuts
  Lair:4: 1400 daAuts
     D:8: 1374 daAuts
   Orc:1: 1334 daAuts
    D:15: 1304 daAuts
    D:12: 1281 daAuts
     D:7: 1281 daAuts
  Lair:1: 1189 daAuts
     D:4: 1164 daAuts
